 Dungeon Crawl Stone Soup version 0.21.1-1-g345015f (webtiles) character file.

106 diana the Grasshopper (level 4, 0/23 HPs)
             Began as a Spriggan Warper on July 3, 2018.
             Killed from afar by eyesofgods1's ghost (10 damage)
             ... with a blast of sand
             ... on level 3 of the Dungeon.
             The game lasted 00:11:51 (3209 turns).

diana the Grasshopper (Spriggan Warper)             Turns: 3209, Time: 00:11:52

Health: 0/23       AC:  2    Str:  7    XL:     4   Next: 55%
Magic:  9/10       EV: 19    Int: 15    God:
Gold:   78         SH:  0    Dex: 15    Spells: 3/10 levels left

rFire    . . .     SeeInvis +   k - +0 dagger (venom)
rCold    . . .     Gourm    .   (shield restricted)
rNeg     . . .     Faith    .   b - +0 robe
rPois    .         Spirit   .   (helmet restricted)
rElec    .         Reflect  .   (no cloak)
rCorr    .         Harm     .   (gloves unavailable)
MR       .....                  (boots unavailable)
Stlth    +++.......             (no amulet)
HPRegen  0.07/turn              h - ring of stealth
MPRegen  0.12/turn              e - ring of stealth

@: flying, very quick
A: very small, unfitting armour, see invisible, herbivore, speed 3, slow
metabolism 2
a: no special abilities


You were on level 3 of the Dungeon.
You were very hungry.

You visited 1 branch of the dungeon, and saw 3 of its levels.

You collected 78 gold pieces.

Inventory:

Hand Weapons
 k - a +0 dagger of venom (weapon)
 m - a cursed -1 dagger
Armour
 b - a +0 robe (worn)
Jewellery
 e - a ring of stealth (right hand)
 h - a ring of stealth (left hand)
 i - an uncursed amulet of faith {unknown}
Scrolls
 a - a scroll of immolation {unknown}
 d - a scroll of blinking
 g - a scroll of noise {unknown}
 j - 3 scrolls of teleportation {unknown}
 l - 2 scrolls of fear {unknown}
 n - 2 scrolls of remove curse {unknown}
 o - 2 scrolls of identify {unknown}
 q - a scroll of amnesia {unknown}
Potions
 p - a potion of heal wounds
Books
 c - a book of Spatial Translocations

   Spells                             Type                      Level
   a - Blink                          Translocation                2
   b - Shroud of Golubria             Charms/Translocation         2
   c - Lesser Beckoning               Translocation                3
   d - Gell's Gravitas                Translocation                3
   e - Teleport Other                 Translocation                3
   f - Passage of Golubria            Translocation                4
Comestibles
 f - 5 rations


   Skills:
 + Level 2.2 Fighting
 + Level 3.1 Short Blades
 - Level 1.0 Throwing
 - Level 4.2 Dodging
 + Level 3.6 Spellcasting
 + Level 1.6 Charms
 - Level 5.0 Translocations


You had 3 spell levels left.
You knew the following spells:

 Your Spells              Type           Power        Failure   Level  Hunger
a - Shroud of Golubria    Chrm/Tloc      ##........   7%          2    ##.....
b - Blink                 Tloc           N/A          3%          2    ##.....
c - Lesser Beckoning      Tloc           ###.......   7%          3    ###....


Dungeon Overview and Level Annotations

Branches:
Dungeon (3/15)

Altars:

Annotations:
D:2 1 runed door, Terence
D:3 eyesofgods1's ghost, amateur DEEE


Innate Abilities, Weirdness & Mutations

You are very small and have problems with some larger weapons.
You are too small for most types of armour.
You have supernaturally acute eyesight. (SInv)
You are a herbivore.
You cover ground extremely quickly.
You need consume almost no food.


Message History

Eyesofgods1's ghost misses you.
You hit eyesofgods1's ghost but do no damage.
Eyesofgods1's ghost is lightly damaged.
You closely miss eyesofgods1's ghost.
Eyesofgods1's ghost is lightly damaged.
Eyesofgods1's ghost misses you.
You hit eyesofgods1's ghost but do no damage.
Eyesofgods1's ghost is lightly damaged.
Eyesofgods1's ghost closely misses you.
You hit eyesofgods1's ghost.
Eyesofgods1's ghost is lightly damaged.
Eyesofgods1's ghost completely misses you.
You hit eyesofgods1's ghost but do no damage.
Eyesofgods1's ghost is lightly damaged.
Eyesofgods1's ghost closely misses you.
You hit eyesofgods1's ghost.
Eyesofgods1's ghost is moderately damaged.
Eyesofgods1's ghost gestures at you while chanting.
The blast of sand hits you!
You die...

#..#.................###
#......†.#........##..
...............#..##
#.#......####.##...##
#..........##....#..#
###.#....#..##....#.#
#.)....##....##...##
###.########.......#
#.######...#@W.####
#.##.....###......#
#.##.#### #....##.###
#..#.######....##...W
##................#
##..###...#.÷.#####.
##..#......<..W....
##.............###
####.$........#


You could see eyesofgods1's ghost.

Vanquished Creatures
  Robin (D:2)
  An adder (D:2)
  3 dart slugs
  4 leopard geckos
  4 bats
  22 goblins
  7 hobgoblins
  6 jackals
  11 kobolds
  A quokka (D:2)
  3 ball pythons
  2 frilled lizards (D:2)
  5 rats
70 creatures vanquished.

Notes
Turn   | Place    | Note
-------+----------+-------------------------------------------
     0 | D:1      | diana the Spriggan Warper began the quest for the Orb.
     0 | D:1      | Reached XP level 1. HP: 10/10 MP: 5/5
   538 | D:1      | Reached XP level 2. HP: 11/15 MP: 6/6
   608 | D:1      | Learned a level 2 spell: Shroud of Golubria
   611 | D:1      | Learned a level 2 spell: Blink
  1109 | D:1      | Reached skill level 1 in Charms
  1578 | D:2      | Found a runed door.
  1605 | D:2      | Reached XP level 3. HP: 18/18 MP: 8/8
  1983 | D:2      | Learned a level 3 spell: Lesser Beckoning
  1993 | D:2      | Noticed Robin
  2261 | D:3      | Noticed eyesofgods1's ghost (amateur DEEE)
  2428 | D:2      | Reached XP level 4. HP: 15/23 MP: 3/10
  2632 | D:2      | Noticed Terence
  2745 | D:2      | Killed Robin
  2745 | D:2      | Reached skill level 5 in Translocations
  3209 | D:3      | Killed from afar by eyesofgods1's ghost

Skill      XL: |  1  2  3  4 |
---------------+-------------+-----
Spellcasting   | 3 |  3.6
Charms         | 1 |  1.6
Dodging        | 4 |  4.2
Fighting       | 2 |  2.2
Short Blades   | 3 |  3.1
Translocations | 5 |  5.0
Throwing       | |  1.0

Action                   |  1- 3 |  4- 6 || total
-------------------------+-------+-------++-------
Melee: Short sword       |   120 |       ||   120
       Dagger            |    58 |   108 ||   166
Throw: Tomahawk          |     5 |       ||     5
 Cast: Shroud of Golubri |     6 |     3 ||     9
       Blink             |     4 |       ||     4
       Lesser Beckoning  |     2 |       ||     2
  Use: Potion            |     3 |     1 ||     4
 Stab: Sleeping          |     4 |     1 ||     5
       Distracted        |       |     1 ||     1
Armor: Robe              |    15 |     6 ||    21
Dodge: Dodged            |   134 |    65 ||   199
